 Dungeon Crawl Stone Soup version 0.29-a0-613-gf2c431b9b9 (webtiles) character file.

Game seed: 15603733705321947780

299 zeratav the Digger (level 6, 0/36 HPs)
             Began as an Octopode Earth Elementalist on June 16, 2022.
             Slain by an iguana (2 damage)
             ... on level 5 of the Dungeon on June 17, 2022.
             The game lasted 00:08:23 (5251 turns).

zeratav the Digger (Octopode Earth Elementalist)    Turns: 5251, Time: 00:08:23

Health: 0/36       AC:  1    Str:  7    XL:     6   Next: 36%
Magic:  11/11      EV: 13    Int: 19    God:
Gold:   154        SH:  0    Dex: 13    Spells: 7/11 levels left

rFire   . . .      SeeInvis .   t - +0 trident (venom) {polearm}
rCold   . . .      Faith    .   (no shield)
rNeg    + . .      Spirit   .   (helmet restricted)
rPois   .          Reflect  .   (no amulet)
rElec   .          Harm     .   k - ring of positive energy
rCorr   .          Rampage  .   (no ring)
Will    .....                   (no ring)
Stlth   ++++......              (no ring)
HPRegen 0.12/turn               (no ring)
MPRegen 0.12/turn               (no ring)
                                (no ring)
                                (no ring)

@: no status effects
A: almost no armour, amphibious, 8 rings, camouflage 1, gelatinous body 1,
(nimble swimmer 1), tentacles
a: no special abilities


You were on level 5 of the Dungeon.
You visited 2 branches of the dungeon, and saw 6 of its levels.

You collected 200 gold pieces.
You spent 46 gold pieces at shops.


Innate Abilities, Weirdness & Mutations

You cannot wear most types of armour.
You are amphibious.
You can wear up to eight rings at the same time.
Your skin changes colour to match your surroundings (Stealth+).
Your rubbery body absorbs attacks. (AC +1, EV +1)
((You are camouflaged when in or above water. (Stealth+)))
You have tentacles for arms and can constrict up to eight enemies at once.


   Skills:
 - Level 2.0 Dodging
 - Level 5.0 Stealth
 + Level 3.4 Spellcasting
 - Level 1.0 Transmutations
 * Level 5.3 Earth Magic


You had 7 spell levels left.
You knew the following spells:

 Your Spells              Type           Power      Damage    Failure   Level
a - Sandblast             Erth           46%        2d11      1%          1
b - Stone Arrow           Conj/Erth      26%        3d8       14%         3

Your spell library contained the following spells:

 Spells                   Type           Power      Damage    Failure   Level
 Passwall                 Tmut/Erth      12%        N/A       6%          2
 Petrify                  Tmut/Erth      15%        N/A       36%         4

Inventory:

Hand Weapons
 t - a +0 trident of venom (weapon) {polearm}
   (You took it off an orc on level 4 of the Dungeon)
Missiles
 r - 4 poisoned darts (quivered) {throwing}
Jewellery
 k - a ring of positive energy (left tentacle)
   (You found it on level 1 of the Dungeon)
Scrolls
 c - 3 scrolls of immolation {unknown}
 d - 2 scrolls of identify {unknown}
 e - a scroll of fog {unknown}
 i - a scroll of silence {unknown}
 j - a scroll of blinking {unknown}
 n - a scroll of enchant weapon {unknown}
 u - 3 scrolls of summoning {unknown}
Potions
 a - 2 potions of magic
 b - 4 potions of heal wounds {unknown}
 f - 2 potions of invisibility {unknown}
 g - 2 potions of cancellation {unknown}
 h - a potion of attraction {unknown}
 l - 2 potions of berserk rage {unknown}
 m - a potion of resistance {unknown}
 o - 3 potions of curing {unknown}
 p - a potion of degeneration {unknown}
 q - a potion of brilliance {unknown}
 s - a potion of haste {@q3}

Dungeon Overview and Level Annotations

Branches:
Dungeon (5/15) Zot: 24936  Temple (1/1) D:4 Zot: 5697

Altars:
Ashenzari
Cheibriados
Dithmenos
Elyvilon
Fedhas
Hepliaklqana
Kikubaaqudgha
Makhleb
Nemelex Xobeh
Okawaru
Qazlal
Ru
Sif Muna
Trog
Uskayaw
Vehumet
Wu Jian
Xom
Yredelemnul
Zin
The Shining One

Shops:
D:1

* #......# ####
#......# #...
#.o....# #.##
.#....s.# #.#.
.....>..#
######.#.
#....g.#
#......#.
.#....go#######
#.######.
.....g.gl@....#
#.# ##
....o.#######.#
#.# ....#
#.####.# ...
#......# .
########


You could see a gnoll shaman, an iguana (poisoned), an orc wizard, 3 gnolls and
2 orcs.


Message History

No target in view!
No target in view!
Things that are here:
a +0 club {mace}; a +0 whip {mace} You see here a +0 hand axe {axe}.
b - 4 puce potions (gained 1)
You see here a staff of cold {staff}.
Key pressed, stopping explore.
There is an open door here.
There is an open door here.
There is an open door here.
You see here a +0 short sword {short}.
Things that are here:
a +0 whip {mace}; a throwing net {=fthrowing}; a +3 flail {mace}
Things that are here:
a +0 flail {mace}; a +0 whip {mace} You see here a throwing net {=fthrowing}.
A worm comes into view.
HP[+5]
Your hp is fully restored (36).
You reach to attack!
The helpless worm fails to defend itself.
You hit the worm.
The worm is poisoned.
You reach to attack!
You barely miss the worm. You puncture the worm! You grab the worm.
You constrict the worm. The worm bites you.
HP[-2]
You take 2 damage, and now have 34/36 hp.
You hit the worm but do no damage.
The worm looks even sicker.
Your squeeze misses the worm. You constrict the worm.
The worm completely misses you.
You hit the worm.
You kill the worm!
HP[+1] No target in view!
No target in view!
No target in view!
No target in view!
No target in view!
No target in view!
No target in view!
No target in view!
No target in view!
No target in view!
Done exploring.
HP[+1]
Your hp is fully restored (36).
Done exploring.
Done exploring.
(D) Dungeon (T) Temple
Where to? (Enter - D:4 @ (x,y), ? - help)
You see here a throwing net {=fthrowing}.
Things that are here:
a +0 flail {mace}; a +0 whip {mace}
There is a stone staircase leading down here.
You climb downwards.
There is a stone staircase leading up here.
There is a stone staircase leading up here.
An ufetubus comes into view.
An ufetubus is nearby!
The ufetubus shouts!
Found a stone staircase leading down.
You reach to attack!
You barely miss the ufetubus. The ufetubus hits you. x2
An iguana comes into view.
HP[-5]
You take 5 damage, and now have 31/36 hp.
The iguana hisses angrily.
You puncture the ufetubus!
You kill the ufetubus!
A gnoll comes into view. It is wielding a +0 whip.
A gnoll shaman comes into view. It is wielding a +0 club.
An orc and an orc wizard come into view.
HP[+1]
A gnoll comes into view. It is wielding a +0 whip.
A scorpion comes into view.
A gnoll comes into view. It is wielding a +0 halberd.
An orc comes into view. It is wielding a +0 whip.
You reach to attack!
The orc shouts!
The gnoll shouts!
You hit the iguana.
The iguana is poisoned.
You hear a shout!
The gnoll shaman calls upon its god to speed up the gnoll.
The gnoll seems to speed up.
The iguana attacks as you move away! The iguana bites you!
HP[-12]
You take 12 damage, and now have 20/36 hp.
MASSIVE DAMAGE!! (PAUSE)
The gnoll attacks as you move away! The gnoll hits you with a +0 whip!
* * * LOW HITPOINT WARNING * * *
HP[-8]
You take 8 damage, and now have 12/36 hp.
MASSIVE DAMAGE!! (PAUSE)
You completely miss the iguana.
The orc wizard shouts!
You grab the iguana.
You constrict the iguana, but do no damage.
The iguana bites you!
* * * LOW HITPOINT WARNING * * *
The iguana bites you.
You die...

Skill      XL: |  1  2  3  4  5  6 |
---------------+-------------------+-----
Stealth        | 3 4 5 |  5.0
Earth Magic    | 4 5 |  5.3
Spellcasting   | 3 |  3.4
Dodging        | |  2.0
Transmutations | |  1.0

Action                   |  1- 3 |  4- 6 || total
-------------------------+-------+-------++-------
Melee: Hand axe          |     5 |       ||     5
       Tentacles         |     6 |    13 ||    19
       Short sword       |     4 |     4 ||     8
       Constrict         |     2 |    16 ||    18
       Trident           |       |    50 ||    50
       Punch             |       |     1 ||     1
Throw: Dart              |       |    26 ||    26
 Cast: Sandblast         |    49 |    50 ||    99
 Stab: Sleeping          |     3 |     5 ||     8
Armor: Skin              |     2 |     8 ||    10
Dodge: Dodged            |    19 |    47 ||    66

Levels and vault maps discovered:
D:1:      dpeg_arrival_ternary, layout_loops_cross, serial_shops,
          nicolae_shop_statue_plus, shop
D:2:      layout_basic, serial_undead, serial_undead_f, serial_undead_f,
          serial_undead_b, serial_undead_c, serial_undead_e, serial_undead_f,
          ebering_ecumenical_altar_abandoned, minmay_misc_feat_roman,
          nicolae_concentric_dashed_squares_wild, kennysheep_big_empty_room
D:3:      layout_basic
D:4:      layout_basic, minmay_temple_entry_large_hall, minmay_between
D:5:      layout_basic, minmay_misc_feat_x, grunt_decor_fettered
Temple:   mainiacjoe_temple_circle_huts

Notes
Turn   | Place    | Note
-------+----------+-------------------------------------------
     0 | D:1      | zeratav the Octopode Earth Elementalist began the quest for
                  | the Orb.
     0 | D:1      | Reached XP level 1. HP: 11/11 MP: 3/3
     0 | D:1      | magus.rc [v1.9.6]
   360 | D:1      | Reached skill level 3 in Stealth
   360 | D:1      | Reached XP level 2. HP: 17/17 MP: 3/5
   459 | D:1      | Found Pijothri's Armour Emporium.
   874 | D:1      | Reached XP level 3. HP: 21/21 MP: 4/6
   878 | D:1      | Learned a level 3 spell: Stone Arrow
  1079 | D:1      | Found Qilofin's Assorted Antiques.
  1132 | D:1      | Bought a scroll labelled HINIZOYTAF for 23 gold pieces
  1132 | D:1      | Bought a scroll labelled FEUNLU XUEMAB for 23 gold pieces
  1397 | D:2      | Found a faded altar of an unknown god.
  1630 | D:2      | Reached skill level 4 in Earth Magic
  1630 | D:2      | Reached XP level 4. HP: 27/27 MP: 7/7
  3369 | D:4      | Reached skill level 4 in Stealth
  3383 | D:4      | Reached XP level 5. HP: 14/31 MP: 1/9
  3448 | D:4      | Reached skill level 3 in Spellcasting
  3930 | D:4      | Found a staircase to the Ecumenical Temple.
  3952 | Temple   | Entered the Ecumenical Temple
  4404 | D:4      | Reached skill level 5 in Earth Magic
  4404 | D:4      | Reached XP level 6. HP: 17/36 MP: 6/10
  4849 | D:4      | Reached skill level 5 in Stealth
  5200 | D:5      | Entered Level 5 of the Dungeon
  5251 | D:5      | HP: 2/36 [iguana (10)]
  5251 | D:5      | Slain by an iguana

Vanquished Creatures
  4 iguanas (D:4)
  3 adders
  4 gnolls (D:4)
  3 ufetubi
  An adder skeleton (D:2)
  An adder zombie (D:2)
  4 worms
  6 orcs
  5 ball pythons
  A bat skeleton (D:2)
  A bat zombie (D:2)
  11 endoplasms
  5 giant cockroaches
  7 goblins
  7 hobgoblins
  7 jackals
  8 kobolds
  A quokka (D:1)
  6 bats
  2 frilled lizards (D:1)
  A rat (D:1)
88 creatures vanquished.

Table legend:
 A = Non-vault XP
 B = Vault XP
 C = Vault XP percentage of total XP
 D = Non-vault monster count
 E = Vault monster count
 F = Vault count percentage of total count
                 A         B        C        D         E       F
            +---------+---------+-------+---------+---------+-------
      Total |     368 |      60 |  14.0 |      78 |      10 |  11.4
            +---------+---------+-------+---------+---------+-------
        D:1 |      48 |       0 |   0.0 |      27 |       0 |   0.0
        D:2 |      32 |      14 |  30.4 |       8 |       4 |  33.3
        D:3 |      39 |       0 |   0.0 |      15 |       0 |   0.0
        D:4 |     239 |      46 |  16.1 |      26 |       6 |  18.8
        D:5 |       8 |       0 |   0.0 |       1 |       0 |   0.0
     Temple |       2 |       0 |   0.0 |       1 |       0 |   0.0
            +---------+---------+-------+---------+---------+-------

Illustrated notes

Table legend:
 A = Kills in this place as a percentage of kills in entire the game.
 B = Kills by you in this place as a percentage of kills by you in the entire game.
 C = Kills by friends in this place as a percentage of kills by friends in the entire game.
 D = Other kills in this place as a percentage of other kills in the entire game.
 E = Experience gained in this place as a percentage of experience gained in the entire game.
 F = Experience gained in this place divided by the number of levels of this place that you have seen.
                   A       B       C       D       E      F
               +-------+-------+-------+-------+-------+----------------------
         Total | 100.0 | 100.0 |   N/A |   N/A | 100.0 |  71.3
       Dungeon |  98.9 |  98.9 |   N/A |   N/A |  99.5 |  85.2
        Temple |   1.1 |   1.1 |   N/A |   N/A |   0.5 |   2.0
               +-------+-------+-------+-------+-------+----------------------

Table legend: (Time is in decaauts)
 A = Elapsed time spent in this place.
 B = Non-inter-level travel time spent in this place.
 C = Inter-level travel time spent in this place.
 D = Time resting spent in this place.
 E = Time spent auto-exploring this place.
 F = Levels seen in this place.
 G = Mean time per level.
                   A        B        C        D        E       F      G
               +--------+--------+--------+--------+--------+-----+--------+
         Total |   5365 |   5228 |    137 |    439 |   4173 |   6 |  894.2 |
       Dungeon |   5062 |   4937 |    125 |    439 |   3915 |   5 | 1012.4 |
        Temple |    302 |    290 |     12 |      0 |    258 |   1 |  302.0 |
               +--------+--------+--------+--------+--------+-----+--------+

Top non-repeatable levels by time:
     D:4: 1620 daAuts
     D:1: 1240 daAuts
     D:3: 1084 daAuts
     D:2: 1065 daAuts
  Temple: 302 daAuts
     D:5: 51 daAuts
